SAA
LANCASTER FARMERS @ TACOMA FUR TRADERS
08/09/2028
 
TOP OF THE 1ST
Lancaster Farmers batting - Pitching for Tacoma Fur Traders : RHP Baruc Garibay
Pitching: RHP Baruc Garibay
Batting: RHB Roberto Camacho 0-0: Ball
1-0: Swinging Strike
1-1: Swinging Strike
1-2: Ball
2-2: Ball
3-2: Base on Balls
Batting: RHB Alejandro Garza 0-0: Called Strike
0-1: Ball
1-1: Swinging Strike
1-2: Ball
2-2: Ball
3-2: Strikes out swinging
Roberto Camacho steals 2nd base
Batter strikes out.
Batting: SHB Janghyun Sam 0-0: Called Strike
0-1: Ball
1-1: Ground out U3 (Groundball, 34)
Roberto Camacho to third
Batting: RHB Danijel van Aalten 0-0: Called Strike
0-1: Foul Ball, location: 2F
0-2: Foul Ball, location: 2F
0-2: Ball
1-2: Ball
2-2: Strikes out swinging
Top of the 1st over - 0 run(s), 0 hit(s), 0 error(s), 1 left on base; Lancaster 0 - Tacoma 0
BOTTOM OF THE 1ST
Tacoma Fur Traders batting - Pitching for Lancaster Farmers : RHP Santo Velazco
Pitching: RHP Santo Velazco
Batting: RHB Tim Lehman 0-0: Ball
1-0: Called Strike
1-1: Ball
2-1: Ball
3-1: Ground out 6-3 (Groundball, 6)
Batting: LHB Ryan Marken 0-0: Ground out 4-3 (Groundball, 34)
Batting: RHB Ken Bone 0-0: Foul Ball, location: 2F
0-1: Fly out, F8 (Flyball, 8LS)
Bottom of the 1st over - 0 run(s), 0 hit(s), 0 error(s), 0 left on base; Lancaster 0 - Tacoma 0
TOP OF THE 2ND
Lancaster Farmers batting - Pitching for Tacoma Fur Traders : RHP Baruc Garibay
Batting: LHB Carlos Germán 0-0: Called Strike
0-1: Fly out, F8 (Flyball, 8LM)
Batting: RHB James Hollingsworth 0-0: Ball
1-0: Ball
2-0: Called Strike
2-1: Ball
3-1: Ground out 3-1 (Groundball, 34S)
Batting: LHB Gilberto Jiménez 0-0: Called Strike
0-1: Single, Error in OF, E9, batter to second base
Batting: RHB António Gonzáles 0-0: Ball
1-0: Swinging Strike
1-1: Ball
2-1: SINGLE (Line Drive, 56D)
Gilberto Jiménez to third
Runner from 3rd tries for Home, SAFE, throw made home
Batting: LHB Mark Armstead 0-0: Ball
1-0: Foul Ball, location: 2F
1-1: Ball
2-1: Swinging Strike
2-2: Strikes out looking
Top of the 2nd over - 1 run(s), 2 hit(s), 1 error(s), 1 left on base; Lancaster 1 - Tacoma 0
BOTTOM OF THE 2ND
Tacoma Fur Traders batting - Pitching for Lancaster Farmers : RHP Santo Velazco
Batting: RHB Mario Castillo 0-0: Ball
1-0: Ball
2-0: Ball
3-0: Called Strike
3-1: Base on Balls
Batting: RHB Luis Flores 0-0: Ball
1-0: SINGLE (Line Drive, 89S)
Mario Castillo to second
Batting: RHB Nick Boyd 0-0: Ball
1-0: Ball
2-0: Foul Ball, location: 2F
2-1: Ball
3-1: Foul Ball, location: 2F
3-2: Base on Balls
Mario Castillo to third
Luis Flores to second
Batting: SHB Carlos Alicea 0-0: Ground out 4-3 (Groundball, 34D)
Mario Castillo scores
Luis Flores to third
Nick Boyd to second
Batting: RHB Gustavo González 0-0: Ball
1-0: Fly out, F9 (Flyball, 9)
Runner from 3rd tags up, SCORES, no throw
Batting: RHB Roberto Aguirre 0-0: Ground out 5-3 (Groundball, 56S)
Bottom of the 2nd over - 2 run(s), 1 hit(s), 0 error(s), 1 left on base; Lancaster 1 - Tacoma 2
TOP OF THE 3RD
Lancaster Farmers batting - Pitching for Tacoma Fur Traders : RHP Baruc Garibay
Batting: RHB Roberto Camacho 0-0: Called Strike
0-1: SINGLE (Line Drive, 4MD)
Batting: RHB Alejandro Garza 0-0: Ball
1-0: Called Strike
1-1: Foul Ball, location: 2F
1-2: Ball
2-2: Foul Ball, location: 2F
2-2: Fly out, F8 (Flyball, 78D)
Batting: SHB Janghyun Sam 0-0: Ball
1-0: Ball
2-0: Called Strike
2-1: Called Strike
2-2: SINGLE (Groundball, 4MD)
Roberto Camacho to second
Batting: RHB Danijel van Aalten 0-0: Called Strike
0-1: SINGLE (Line Drive, 56D)
Roberto Camacho to third
Janghyun Sam to second
Runner from 3rd tries for Home, SAFE, no throw
Batting: LHB Carlos Germán 0-0: Foul Ball, location: 2F
0-1: DOUBLE (Flyball, 7LM)
Janghyun Sam scores
Danijel van Aalten to third
Batting: RHB James Hollingsworth 0-0: Fly out, F9 (Flyball, 9LMF)
Runner from 3rd tags up, SCORES, no throw
Batting: LHB Gilberto Jiménez 0-0: Fly out, F7 (Flyball, 7D)
Top of the 3rd over - 3 run(s), 4 hit(s), 0 error(s), 1 left on base; Lancaster 4 - Tacoma 2
BOTTOM OF THE 3RD
Tacoma Fur Traders batting - Pitching for Lancaster Farmers : RHP Santo Velazco
Batting: RHB Tim Lehman 0-0: Ground out 5-3 (Groundball, 5)
Batting: LHB Ryan Marken 0-0: Ball
1-0: Foul Ball, location: 2F
1-1: Foul Ball, location: 2F
1-2: Ball
2-2: Ball
3-2: SINGLE (Groundball, 34D)
Batting: RHB Ken Bone 0-0: 2-RUN HOME RUN (Flyball, 7D), Distance : 411 ft
Batting: RHB Mario Castillo 0-0: Ball
1-0: Ground out 6-3 (Groundball, 6)
Batting: RHB Luis Flores 0-0: Fly out, F4 (Popup, 3D)
Bottom of the 3rd over - 2 run(s), 2 hit(s), 0 error(s), 0 left on base; Lancaster 4 - Tacoma 4
TOP OF THE 4TH
Lancaster Farmers batting - Pitching for Tacoma Fur Traders : RHP Baruc Garibay
Batting: RHB António Gonzáles 0-0: Ball
1-0: Ball
2-0: Called Strike
2-1: Called Strike
2-2: Strikes out swinging
Batting: LHB Mark Armstead 0-0: Ball
1-0: Called Strike
1-1: Ball
2-1: Ball
3-1: Base on Balls
Batting: RHB Roberto Camacho 0-0: Ball
1-0: Ball
2-0: Called Strike
2-1: Fly out, F8 (Line Drive, 8RS)
Batting: RHB Alejandro Garza 0-0: Called Strike
0-1: Ground out 6-3 (Groundball, 6S)
Top of the 4th over - 0 run(s), 0 hit(s), 0 error(s), 1 left on base; Lancaster 4 - Tacoma 4
BOTTOM OF THE 4TH
Tacoma Fur Traders batting - Pitching for Lancaster Farmers : RHP Santo Velazco
Batting: RHB Nick Boyd 0-0: Ball
1-0: Ball
2-0: Swinging Strike
2-1: Called Strike
2-2: Ball
3-2: Strikes out swinging
Batting: SHB Carlos Alicea 0-0: Ball
1-0: Ground out U3 (Groundball, 3)
Batting: RHB Gustavo González 0-0: Called Strike
0-1: Swinging Strike
0-2: Foul Ball, location: 2F
0-2: Strikes out looking
Bottom of the 4th over - 0 run(s), 0 hit(s), 0 error(s), 0 left on base; Lancaster 4 - Tacoma 4
TOP OF THE 5TH
Lancaster Farmers batting - Pitching for Tacoma Fur Traders : RHP Baruc Garibay
Batting: SHB Janghyun Sam 0-0: Ball
1-0: Foul Ball, location: 2F
1-1: Called Strike
1-2: Ball
2-2: Ball
3-2: Ground out 3-1 (Groundball, 34)
Batting: RHB Danijel van Aalten 0-0: Called Strike
0-1: Ball
1-1: Fly out, F4 (Line Drive, 4M)
Batting: LHB Carlos Germán 0-0: Called Strike
0-1: Swinging Strike
0-2: Foul Ball, location: 2F
0-2: Foul Ball, location: 2F
0-2: Ball
1-2: Foul Ball, location: 2F
1-2: Strikes out swinging
Top of the 5th over - 0 run(s), 0 hit(s), 0 error(s), 0 left on base; Lancaster 4 - Tacoma 4
BOTTOM OF THE 5TH
Tacoma Fur Traders batting - Pitching for Lancaster Farmers : RHP Santo Velazco
Batting: RHB Roberto Aguirre 0-0: Foul Ball, location: 2F
0-1: Ground out 6-3 (Groundball, 6)
Batting: RHB Tim Lehman 0-0: Ball
1-0: Foul Ball, location: 2F
1-1: Ball
2-1: Ball
3-1: Fly out, F8 (Line Drive, 8RM)
Batting: LHB Ryan Marken 0-0: Foul Ball, location: 2F
0-1: Ball
1-1: Fly out, F7 (Flyball, 7)
Bottom of the 5th over - 0 run(s), 0 hit(s), 0 error(s), 0 left on base; Lancaster 4 - Tacoma 4
TOP OF THE 6TH
Lancaster Farmers batting - Pitching for Tacoma Fur Traders : RHP Baruc Garibay
Batting: RHB James Hollingsworth 0-0: Foul Ball, location: 2F
0-1: Ground out 4-3 (Groundball, 4MD)
Batting: LHB Gilberto Jiménez 0-0: Ball
1-0: Ball
2-0: Called Strike
2-1: Ball
3-1: Called Strike
3-2: Ground out U3 (Groundball, 3)
Batting: RHB António Gonzáles 0-0: Called Strike
0-1: SINGLE (Groundball, 56) (infield hit)
Batting: LHB Mark Armstead 0-0: Ground out 3-1 (Groundball, 34)
Top of the 6th over - 0 run(s), 1 hit(s), 0 error(s), 1 left on base; Lancaster 4 - Tacoma 4
BOTTOM OF THE 6TH
Tacoma Fur Traders batting - Pitching for Lancaster Farmers : RHP Santo Velazco
Batting: RHB Ken Bone 0-0: Called Strike
0-1: Foul Ball, location: 2F
0-2: DOUBLE (Line Drive, 7LM)
Batting: RHB Mario Castillo 0-0: Ball
1-0: Fly out, F7 (Flyball, 7D)
Runner from 2nd tags up, SAFE at 3rd, no throw
Batting: RHB Luis Flores 0-0: Ball
1-0: Fly out, F9 (Flyball, 9S)
Batting: RHB Nick Boyd 0-0: Swinging Strike
0-1: Ball
1-1: Foul Ball, location: 2F
1-2: Ball
2-2: Foul Ball, location: 2F
2-2: Ball
3-2: Foul Ball, location: 2F
3-2: Fly out, F8 (Flyball, 8RD)
Bottom of the 6th over - 0 run(s), 1 hit(s), 0 error(s), 1 left on base; Lancaster 4 - Tacoma 4
TOP OF THE 7TH
Lancaster Farmers batting - Pitching for Tacoma Fur Traders : RHP Baruc Garibay
Pinch Hitting: LHB Pancho Farías 0-0: Swinging Strike
0-1: SINGLE (Groundball, 4MD)
Pinch Runner at 1st Sven Spee:
Batting: RHB Alejandro Garza 0-0: Ball
1-0: Ball
2-0: Called Strike
2-1: Called Strike
2-2: Ball
3-2: Foul Ball, location: 2F
3-2: Base on Balls
Sven Spee to second
Pitching: RHP Baker Mayfield
Pinch Hitting: SHB Alfredo Sánchez 0-0: Called Strike
0-1: Grounds into double play, 6-4-3 (Groundball, 6)
Sven Spee to third
Pinch Hitting: RHB Cosmo Castanhedo 0-0: Ball
1-0: Ball
2-0: Swinging Strike
2-1: Ground out 5-3 (Groundball, 56S)
Top of the 7th over - 0 run(s), 1 hit(s), 0 error(s), 1 left on base; Lancaster 4 - Tacoma 4
BOTTOM OF THE 7TH
Tacoma Fur Traders batting - Pitching for Lancaster Farmers : RHP Santo Velazco
Now at 3B: Alfredo Sánchez
Now at SS: Cosmo Castanhedo
Now in CF: Robert La Caze
Batting: SHB Carlos Alicea 0-0: Ball
1-0: Ball
2-0: Foul Ball, location: 2F
2-1: Foul Ball, location: 2F
2-2: Strikes out swinging
Batting: RHB Gustavo González 0-0: Called Strike
0-1: SINGLE (Groundball, 34D)
Batting: RHB Roberto Aguirre 0-0: Swinging Strike
0-1: Foul Ball, location: 2F
0-2: Ball
1-2: Ball
2-2: Ball
3-2: Foul Ball, location: 2F
3-2: DOUBLE (Line Drive, 7LD)
Gustavo González to third
Batting: RHB Tim Lehman 0-0: Fly out, F9 (Line Drive, 9)
Runner from 3rd tags up, SCORES, throw made
Batting: LHB Ryan Marken 0-0: Called Strike
0-1: Ball
1-1: Swinging Strike
1-2: Foul Ball, location: 2F
1-2: Strikes out swinging
Bottom of the 7th over - 1 run(s), 2 hit(s), 0 error(s), 1 left on base; Lancaster 4 - Tacoma 5
TOP OF THE 8TH
Lancaster Farmers batting - Pitching for Tacoma Fur Traders : RHP Baker Mayfield
Pitching: LHP Arnold Safi
Batting: LHB Carlos Germán 0-0: Ball
1-0: Called Strike
1-1: Foul Ball, location: 2F
1-2: Fly out, F3 (Popup, 3L)
Pitching: RHP Inocencio Galló
Batting: RHB James Hollingsworth 0-0: DOUBLE (Line Drive, 89S)
Pitching: LHP Luis Ruíz
Batting: LHB Gilberto Jiménez 0-0: Called Strike
0-1: Ball
1-1: Ball
2-1: Foul Ball, location: 2F
2-2: Foul Ball, location: 2F
2-2: Strikes out looking
Pitching: RHP Jeff Pearce
Batting: RHB António Gonzáles 0-0: Ball
1-0: Swinging Strike
1-1: Ball
2-1: Foul Ball, location: 2F
2-2: DOUBLE (Flyball, 9D)
James Hollingsworth scores
Batting: LHB Mark Armstead 0-0: Ball
1-0: Ball
2-0: Called Strike
2-1: Swinging Strike
2-2: Foul Ball, location: 2F
2-2: Strikes out swinging
Top of the 8th over - 1 run(s), 2 hit(s), 0 error(s), 1 left on base; Lancaster 5 - Tacoma 5
BOTTOM OF THE 8TH
Tacoma Fur Traders batting - Pitching for Lancaster Farmers : RHP Santo Velazco
Batting: RHB Ken Bone 0-0: Foul Ball, location: 2F
0-1: Ball
1-1: Ground out 3-1 (Groundball, 34)
Pitching: RHP Bert Gean
Batting: RHB Mario Castillo 0-0: Ball
1-0: Ball
2-0: Foul Ball, location: 2F
2-1: Ball
3-1: Called Strike
3-2: Fly out, F8 (Flyball, 8LXD)
Pinch Hitting: SHB Dave Gant 0-0: Called Strike
0-1: Ball
1-1: Foul Ball, location: 2F
1-2: Ball
2-2: Foul Ball, location: 2F
2-2: Ground out 4-3 (Groundball, 4)
Bottom of the 8th over - 0 run(s), 0 hit(s), 0 error(s), 0 left on base; Lancaster 5 - Tacoma 5
TOP OF THE 9TH
Lancaster Farmers batting - Pitching for Tacoma Fur Traders : RHP Jeff Pearce
Pitching: LHP Juan Vargas
Now at SS: Dave Gant
Batting: SHB Robert La Caze 0-0: Called Strike
0-1: Ball
1-1: Ball
2-1: Ball
3-1: Base on Balls
Batting: RHB Alejandro Garza 0-0: Called Strike
0-1: Ball
1-1: Ball
2-1: Ball
3-1: Fly out, F6 (Line Drive, 6MD)
Batting: SHB Alfredo Sánchez 0-0: Ball
1-0: SINGLE (Popup, 2R)
Robert La Caze to second
Runner from 2nd tries for 3rd, SAFE, throw made to third
Batting: RHB Cosmo Castanhedo 0-0: Ball
1-0: Foul Ball, location: 2F
1-1: Ball
2-1: Ball
3-1: Foul Ball, location: 2F
3-2: Base on Balls
Alfredo Sánchez to second
Batting: LHB Carlos Germán 0-0: Ball
1-0: Ball
2-0: Called Strike
2-1: Swinging Strike
2-2: Ball
3-2: Fly out, F2 (Popup, 23)
Batting: RHB James Hollingsworth 0-0: Ball
1-0: Foul Ball, location: 2F
1-1: Fly out, F6 (Popup, 5D)
Top of the 9th over - 0 run(s), 1 hit(s), 0 error(s), 3 left on base; Lancaster 5 - Tacoma 5
BOTTOM OF THE 9TH
Tacoma Fur Traders batting - Pitching for Lancaster Farmers : RHP Bert Gean
Pitching: RHP Raúl Nieto
Batting: RHB Nick Boyd 0-0: Ball
1-0: Ball
2-0: Swinging Strike
2-1: Ball
3-1: Called Strike
3-2: Base on Balls
Batting: SHB Carlos Alicea 0-0: Foul Ball, location: 2F
0-1: Ball
1-1: Reached on error, E5 (Groundball, 56S)
Nick Boyd to second
Batting: RHB Gustavo González 0-0: Foul Ball, location: 2F
0-1: Ball
1-1: Bunt missed!
1-2: Ball
2-2: Ball
3-2: Base on Balls
Nick Boyd to third
Carlos Alicea to second
Batting: RHB Roberto Aguirre 0-0: Fly out, F7 (Flyball, 7S)
Batting: RHB Tim Lehman 0-0: Called Strike
0-1: Grounds into fielders choice 3-2 (Groundball, 34)
Carlos Alicea to third
Gustavo González to second
Batting: LHB Ryan Marken 0-0: Ball
1-0: Ball
2-0: Foul Ball, location: 2F
2-1: Foul Ball, location: 2F
2-2: Ball
3-2: Foul Ball, location: 2F
3-2: SINGLE (Flyball, 7S)
Carlos Alicea scores
Wednesday, August 23rd, 2017 - OOTP Baseball 17.12 Build 75